 Dungeon Crawl Stone Soup version 0.31-a0-18-gea43df2a32 (webtiles) character file.

Game seed: 11905780395096717835

4069 stickfish the Spear-Bearer (level 10, -7/73 HPs)
             Began as a Merfolk Gladiator on May 12, 2023.
             Was a Priest of Vehumet.
             Mangled by Grum
             ... wielding a -2 spear of venom
              (10 damage)
             ... on level 8 of the Dungeon.
             The game lasted 00:57:23 (7790 turns).

stickfish the Spear-Bearer (Merfolk Gladiator)      Turns: 7790, Time: 00:57:25

Health: -7/73      AC: 11    Str: 21    XL:     10   Next: 25%
Magic:  14/16      EV: 18    Int:  9    God:    Vehumet [***...]
Gold:   816        SH:  0    Dex: 16    Spells: 11/17 levels left

rFire   . . .        a - +3 trident (chaos)
rCold   + . .        (no shield)
rNeg    . . .        b - +0 leather armour
rPois   .            c - +2 helmet
rElec   .            v - +0 cloak
rCorr   .            G - +1 pair of gloves of Intuition {rC+}
SInv    .            l - +1 pair of boots
Will    .....        (no amulet)
Stlth   +++          r - +4 ring of strength
HPRegen 0.32/turn    E - +3 ring of evasion
MPRegen 0.15/turn

%: no passive effects
@: lethally poisoned (-7 -> -12)
A: (nimble swimmer 2), mertail
a: Renounce Religion


You were on level 8 of the Dungeon.
You worshipped Vehumet.
Vehumet was most pleased with you.
You visited 1 branch of the dungeon, and saw 8 of its levels.

You collected 1116 gold pieces.
You spent 300 gold pieces at shops.

Inventory:

Hand Weapons
 a - a +3 trident of chaos (weapon)
Missiles
 d - 5 throwing nets (quivered)
 e - 4 javelins
Armour
 b - a +0 leather armour (worn)
 c - a +2 helmet (worn)
 l - a +1 pair of boots (worn)
 v - a +0 cloak (worn)
 G - the +1 pair of gloves of Intuition (worn) {rC+}
   (You acquired it on level 6 of the Dungeon)

   rC:        It protects you from cold.
Jewellery
 g - a ring of fire
 h - a ring of ice
 r - a +4 ring of strength (left hand)
 E - a +3 ring of evasion (right hand)
Wands
 y - a wand of digging (8)
 B - a wand of roots (8)
 I - a wand of charming (7)
 K - a wand of acid (7)
Scrolls
 j - a scroll of fog {unknown}
 k - a scroll of noise {unknown}
 p - a scroll of brand weapon
 q - 3 scrolls of poison {unknown}
 s - 8 scrolls of teleportation
 t - 3 scrolls of identify
 x - a scroll of butterflies {unknown}
 A - a scroll of blinking {unknown}
 F - a scroll of amnesia {unknown}
 H - a scroll of fear {unknown}
 J - a scroll of immolation {unknown}
Potions
 f - a potion of berserk rage {unknown}
 i - 2 potions of magic
 m - a potion of attraction {unknown}
 n - a potion of flight {unknown}
 o - a potion of heal wounds {unknown}
 u - a potion of ambrosia {unknown}
 w - a potion of brilliance {unknown}
 z - 2 potions of cancellation {unknown}
 C - a potion of mutation {unknown}
 D - a potion of invisibility {unknown}
 L - 2 potions of curing {unknown}


   Skills:
 * Level 4.9 Fighting
 * Level 9.3 Polearms
 * Level 4.5 Throwing
 * Level 2.7 Armour
 * Level 6.6 Dodging
 * Level 5.8 Stealth
 - Level 1.0 Shields
 * Level 4.0 Spellcasting
 + Level 1.2 Conjurations
 * Level 5.3 Transmutations
 * Level 2.6 Fire Magic
 * Level 4.3 Ice Magic


You had 11 spell levels left.
You knew the following spells:

 Your Spells              Type           Power      Damage    Failure   Level
a - Foxfire               Conj/Fire      20%        2x1d5     4%          1
b - Beastly Appendage     Tmut           22%        N/A       3%          1
c - Freeze                Ice            36%        1d5       1%          1
d - Stone Arrow           Conj/Erth      4%         3d7       19%         3

Your spell library contained the following spells:

 Spells                   Type           Power      Damage    Failure   Level
 Frozen Ramparts          Ice            18%        1d3       4%          3
 Wereblood                Tmut           11%        N/A       5%          2
 Kiss of Death            Conj/Necr      8%         2d6       7%          1
 Hailstorm                Conj/Ice       6%         3d4       9%          3
 Volatile Blastmotes      Fire/Tloc      8%         2d10      14%         3
 Dazzling Flash           Conj/Hex       4%         N/A       19%         3
 Spider Form              Tmut/Pois      6%         N/A       32%         3
 Iskenderun's Mystic Bla  Conj/Tloc      2%         2d3       50%         4
 Confusing Touch          Hex            1%         N/A       67%         3
 Dispel Undead            Necr           1%         3d6       97%         4
 Starburst                Conj/Fire      2%         6d3       99%         6


Dungeon Overview and Level Annotations

Branches:
Dungeon (8/15)             Temple (0/1) D:7
   Lair: D:8-11

Altars:
Ashenzari
Elyvilon
Gozag
Makhleb
Nemelex Xobeh
Okawaru
Qazlal
Vehumet
Wu Jian
Yredelemnul
Zin
The Shining One

Shops:
D:4 *   D:6 =*

Annotations:
D:4 Natasha
D:8 Grum


Innate Abilities, Weirdness & Mutations

((You are very nimble when in or above water. (Stealth+, EV+, Speed+++)))
Your lower body shifts to a powerful aquatic tail in water.


Message History

You feel sick.
Grum hits you from afar with a -2 spear of venom!
You are more poisoned.
The orc warrior hits you with a +0 short sword.
The wolf barely misses you.
You hit the orc warrior but do no damage.
The orc warrior is severely wounded.
You feel very sick. The wolf bites you but does no damage.
The orc warrior hits you with a +0 short sword.
Grum hits you from afar with a -2 spear of venom!
The wolf bites you. The wolf attacks as you move away!
The wolf completely misses you.
* * * LOW HITPOINT WARNING * * *
You feel very sick.
The orc warrior attacks as you move away!
The orc warrior misses you.
You feel very sick. The wolf barely misses you.
Grum zaps a wand.
The puff of flame hits you.
* * * LOW HITPOINT WARNING * * *
The wolf closely misses you. The wolf attacks as you move away!
The wolf closely misses you.
* * * LOW HITPOINT WARNING * * *
You feel very sick.
An orc comes into view. It is wielding a +0 dagger.
Grum closely misses you. The wolf bites you but does no damage.
The orc attacks as you move away! The orc hits you but does no damage.
The orc warrior attacks as you move away!
The orc warrior completely misses you.
* * * LOW HITPOINT WARNING * * *
You feel sick.
The orc shouts!
There is a stone staircase leading up here.
* * * LOW HITPOINT WARNING * * *
You feel sick. The wolf bites you.
* * * LOW HITPOINT WARNING * * *
The wolf completely misses you.
Grum growls.
Grum hits you from afar with a -2 spear of venom!
You die...

.# #.# ## #####.###
.. #.......# .# #.#
#...# .#
#.###...###.#
######...........##
#........o........#
#.#####.@ho.......#
####g..###..# #..†#
..# #...# ..#
.....o. ..#
.?.....##..#
##+###..# .## #..#
.# #...


You could see Grum, an orc warrior (strong), a wolf and 2 orcs.

Vanquished Creatures
  Grinder (D:4)
  Sigmund (D:4)
  Eustachio (D:4)
  4 steam dragons (D:7)
  Edmund (D:5)
  Menkaure (D:4)
  A water moccasin (D:6)
  3 black bears
  5 sky beasts
  An ogre (D:6)
  A wolf (D:8)
  A centaur (D:7)
  3 kobold brigands
  3 phantoms
  Blork the orc (D:5)
  A bullfrog (D:6)
  A gnoll sergeant (D:7)
  3 scorpions
  2 howler monkeys (D:7)
  3 hounds
  2 jellies (D:5)
  3 orc priests
  A gnoll bouda (D:7)
  Crazy Yiuf (D:4)
  4 iguanas
  3 sleepcaps
  Natasha (twice) (D:4)
  6 orc wizards
  7 gnolls (D:7)
  6 adders
  A river rat (D:3)
  A shadow imp (D:6)
  4 white imps
  4 dart slugs
  18 orcs
  7 ball pythons
  12 endoplasms
  2 giant cockroaches
  6 goblins
  10 hobgoblins
  9 jackals
  30 kobolds
  4 quokkas
  9 bats
  4 frilled lizards
  9 rats
203 creatures vanquished.

Vanquished Creatures (collateral kills)
  A hobgoblin (D:3)
  A kobold (D:3)
2 creatures vanquished.

Vanquished Creatures (others)
  2 jackal zombies
  174 foxfires
176 creatures vanquished.

Grand Total: 381 creatures vanquished

Notes
Turn   | Place    | Note
-------+----------+-------------------------------------------
     0 | D:1      | stickfish the Merfolk Gladiator began the quest for the
                  | Orb.
     0 | D:1      | Reached XP level 1. HP: 16/16 MP: 1/1
   131 | D:1      | Reached XP level 2. HP: 18/22 MP: 2/2
   376 | D:1      | Reached XP level 3. HP: 25/28 MP: 3/3
   379 | D:1      | Reached skill level 1 in Transmutations
   849 | D:2      | Reached skill level 1 in Stealth
   977 | D:2      | Reached XP level 4. HP: 32/34 MP: 4/4
  1399 | D:3      | Found a glowing drain.
  1404 | D:3      | Reached skill level 1 in Shields
  1840 | D:3      | Reached skill level 5 in Polearms
  1956 | D:3      | Found a radiant altar of Vehumet.
  1997 | D:3      | Reached XP level 5. HP: 39/39 MP: 6/6
  2032 | D:3      | Became a worshipper of Vehumet
  2284 | D:4      | Noticed Grinder
  2285 | D:4      | Noticed a kobold brigand
  2289 | D:4      | Reached skill level 1 in Spellcasting
  2467 | D:4      | Found an iron altar of Okawaru.
  2496 | D:4      | Reached skill level 1 in Ice Magic
  2607 | D:4      | Reached XP level 6. HP: 42/46 MP: 7/7
  2619 | D:4      | Reached skill level 1 in Armour
  2666 | D:4      | Noticed Natasha
  2670 | D:4      | Killed Natasha
  2673 | D:4      | Reached * piety under Vehumet
  2673 | D:4      | Offered knowledge of Foxfire by Vehumet.
  2676 | D:4      | Learned a level 1 spell: Foxfire
  2980 | D:4      | Noticed Sigmund
  2997 | D:4      | Killed Sigmund
  2998 | D:4      | Reached skill level 6 in Polearms
  2998 | D:4      | Reached XP level 7. HP: 18/52 MP: 5/9
  3138 | D:4      | Reached skill level 5 in Dodging
  3262 | D:4      | Found Zoudorif's General Store.
  3314 | D:4      | Paralysed by Grinder for 3 turns
  3337 | D:4      | Killed Grinder
  3507 | D:4      | Found a runed translucent door.
  3508 | D:4      | Noticed Crazy Yiuf
  3513 | D:4      | Killed Crazy Yiuf
  3514 | D:4      | Reached skill level 1 in Fire Magic
  3644 | D:4      | Reached XP level 8. HP: 54/58 MP: 10/10
  3690 | D:4      | Reached skill level 7 in Polearms
  3842 | D:4      | Noticed Natasha
  3849 | D:4      | Killed Natasha
  3853 | D:4      | Noticed Menkaure
  4108 | D:4      | Killed Menkaure
  4262 | D:4      | Noticed Eustachio
  4285 | D:4      | Killed Eustachio
  4509 | D:4      | Noticed Natasha
  4514 | D:4      | Learned a level 1 spell: Beastly Appendage
  4517 | D:5      | Entered Level 5 of the Dungeon
  4595 | D:5      | Noticed Edmund
  4627 | D:5      | Killed Edmund
  4769 | D:5      | Found a basalt altar of Yredelemnul.
  4783 | D:5      | Noticed Blork the orc
  4804 | D:5      | Killed Blork the orc
  4971 | D:5      | Reached skill level 8 in Polearms
  4971 | D:5      | Reached XP level 9. HP: 55/65 MP: 11/13
  5064 | D:5      | Reached ** piety under Vehumet
  5064 | D:5      | Offered knowledge of Poisonous Vapours by Vehumet.
  5078 | D:5      | Found a stormy altar of Qazlal.
  5274 | D:5      | Found an ornate altar of the Wu Jian Council.
  5563 | D:6      | Identified 2 scrolls of acquirement
  5604 | D:6      | Found Foutufo's One-of-a-Kind Rings.
  5616 | D:6      | Bought a +4 ring of strength for 180 gold pieces
  5616 | D:6      | Bought a +3 ring of evasion for 120 gold pieces
  5739 | D:6      | Reached skill level 5 in Stealth
  5743 | D:6      | Acquired a book of Frost
  5744 | D:6      | Acquired the +1 pair of gloves of Intuition {rC+}
  5751 | D:6      | Acquired 477 gold pieces
  5912 | D:6      | Found Gozag's Platinum Reserve.
  5916 | D:6      | Found an opulent altar of Gozag.
  6147 | D:6      | Found a glowing silver altar of Zin.
  6148 | D:6      | Found a white marble altar of Elyvilon.
  6150 | D:6      | Found a glowing golden altar of the Shining One.
  6230 | D:7      | Found a sparkling altar of Nemelex Xobeh.
  6421 | D:7      | Reached skill level 1 in Conjurations
  6604 | D:7      | Reached skill level 9 in Polearms
  6712 | D:7      | Reached skill level 5 in Transmutations
  6746 | D:7      | Found a broken altar of Ashenzari.
  6762 | D:7      | Reached XP level 10. HP: 73/73 MP: 9/15
  6858 | D:7      | Offered knowledge of Stone Arrow by Vehumet.
  6901 | D:7      | Learned a level 1 spell: Freeze
  7078 | D:7      | Found a staircase to the Ecumenical Temple.
  7170 | D:7      | Reached *** piety under Vehumet
  7305 | D:7      | Found a burning altar of Makhleb.
  7305 | D:7      | Noticed a green death
  7668 | D:7      | Learned a level 3 spell: Stone Arrow
  7770 | D:8      | Noticed Grum
  7790 | D:8      | HP: 3/73 [wolf[Grum] (1)]
  7790 | D:8      | Mangled by Grum

Illustrated notes

Levels and vault maps discovered:
D:1:      psy_arrival_statuary, layout_rooms, serial_glass, glass_columns_a,
          glass_columns_a, minmay_strange_pillars, feat_on_display,
          minmay_strange_pillars, chequers_serial_rivers_small_3
D:2:      layout_rooms, nrook_mini_vaults
D:3:      minmay_inner_zag, layout_basic, amcnicky_altar_gilded,
          cheibrodos_sewer_entry_sluice, grunt_ministairs_3, minivault_27
D:4:      kennysheep_kobold_camp, layout_rooms, mainiacjoe_overflow_paths,
          serial_shops, shop, uniq_grinder, uniq_menkaure, uniq_natasha,
          uniq_crazy_yiuf_cottage, uniq_eustachio, uniq_sigmund
D:5:      layout_rooms, mainiacjoe_overflow_alcove_2,
          mainiacjoe_overflow_brackets, mainiacjoe_overflow_chevrons,
          uniq_edmund, uniq_blork_the_orc
D:6:      layout_gridville, good_gods_temple_1, nicolae_gozag_zags_fifth_avenue,
          nicolae_shop_unique_rings, chequers_serial_rivers_micro_c,
          lexackson_kobold_supper
D:7:      layout_cave_pods, cheibrodos_ashenzari_chains,
          mainiacjoe_overflow_24_doors, makhleb_altar_promises_db,
          temple_fountains, hangedman_misty_isle
D:8:      layout_loops_ring, lemuel_doored_altar, uniq_grum

Skill      XL: |  1  2  3  4  5  6  7  8  9 10 |
---------------+-------------------------------+-----
Transmutations | 1 2 4 5 |  5.3
Stealth        | 1 2 4 5 |  5.8
Shields        | 1 |  1.0
Polearms       | 5 6 8 9 |  9.3
Spellcasting   | 1 2 3 4 |  4.0
Ice Magic      | 1 2 3 4 |  4.3
Armour         | 1 2 |  2.7
Fighting       | 3 4 |  4.9
Dodging        | 5 6 |  6.6
Throwing       | 3 4 |  4.5
Fire Magic     | 1 2 |  2.6
Conjurations   | 1 |  1.2

Action                     |  1- 3 |  4- 6 |  7- 9 | 10-12 || total
---------------------------+-------+-------+-------+-------++-------
  Melee: Trident           |   115 |   152 |   332 |    86 ||   685
         Punch             |     1 |     1 |     4 |     1 ||     7
         Tailslap          |       |       |     4 |       ||     4
         Headbutt          |       |       |     2 |       ||     2
  Throw: Throwing net      |     1 |       |       |       ||     1
   Cast: Foxfire           |       |    13 |    79 |    17 ||   109
         Beastly Appendage |       |       |     6 |       ||     6
         Freeze            |       |       |       |     8 ||     8
         Stone Arrow       |       |       |       |     5 ||     5
    Use: Scroll            |     8 |     2 |     6 |       ||    16
   Stab: Sleeping          |     1 |     1 |     5 |       ||     7
         Petrifying        |       |     1 |     2 |       ||     3
         Petrified         |       |       |     3 |       ||     3
         Confused          |       |       |     2 |       ||     2
         Paralysed         |       |       |       |     2 ||     2
 Armour: Leather armour    |    34 |    32 |   100 |    21 ||   187
  Dodge: Dodged            |    58 |    72 |   179 |    71 ||   380

Table legend: (Time is in decaauts)
 A = Elapsed time spent in this place.
 B = Non-inter-level travel time spent in this place.
 C = Inter-level travel time spent in this place.
 D = Time resting spent in this place.
 E = Time spent auto-exploring this place.
 F = Levels seen in this place.
 G = Mean time per level.
                   A        B        C        D        E       F      G
               +--------+--------+--------+--------+--------+-----+--------+
         Total |   7742 |   6896 |    846 |   1317 |   3512 |   8 |  967.8 |
       Dungeon |   7742 |   6896 |    846 |   1317 |   3512 |   8 |  967.8 |
               +--------+--------+--------+--------+--------+-----+--------+

Top non-repeatable levels by time:
     D:4: 1990 daAuts
     D:7: 1529 daAuts
     D:3: 1160 daAuts
     D:5: 855 daAuts
     D:1: 818 daAuts
     D:6: 801 daAuts
     D:2: 548 daAuts
     D:8: 39 daAuts
